[ AOE2 MATCH · #478912276 ]
Team RMBritons vs Lithuanians
[ REPLAY ANALYSIS · EXTRACTED FROM THE RECORDED GAME ]
Feudal
10:56
Castle
14:43
Imperial
32:15
| APM avg | 25.2 |
| APM peak | 68 |
| eAPM avg | 14.4 |
| Villagers / military | 176 / 383 |
Focus
⚔️ 33.4% · 🌾 66.6%
Longbowman ×329 · Spearman ×35 · Monk ×13 · Trebuchet (Packed) ×6
Feudal
9:48
Castle
17:31
Imperial
34:35
| APM avg | 28.6 |
| APM peak | 126 |
| eAPM avg | 22.3 |
| Villagers / military | 206 / 246 |
Focus
⚔️ 31.6% · 🌾 68.4%
Skirmisher ×152 · Spearman ×31 · War Elephant ×18 · Knight ×15 · Archer ×13 · Hand Cannoneer ×13
Feudal
11:01
Castle
14:42
Imperial
26:43
| APM avg | 23.8 |
| APM peak | 60 |
| eAPM avg | 16.2 |
| Villagers / military | 208 / 271 |
Focus
⚔️ 29.1% · 🌾 70.9%
Mameluke ×127 · Scout Cavalry ×125 · Trebuchet (Packed) ×17 · Monk ×2
Feudal
12:26
Castle
16:48
Imperial
33:51
| APM avg | 39.8 |
| APM peak | 89 |
| eAPM avg | 19.5 |
| Villagers / military | 126 / 357 |
Focus
⚔️ 47.0% · 🌾 53.0%
Knight ×168 · Skirmisher ×103 · Battering Ram ×47 · Spearman ×32 · Petard ×3 · Mangonel ×2
Feudal
11:30
Castle
29:21
Imperial
53:15
| APM avg | 22.9 |
| APM peak | 55 |
| eAPM avg | 15.3 |
| Villagers / military | 206 / 367 |
Focus
⚔️ 41.1% · 🌾 58.9%
Spearman ×239 · Scorpion ×74 · Battering Ram ×33 · Militia ×21
Feudal
10:58
Castle
15:40
Imperial
46:53
| APM avg | 21.5 |
| APM peak | 62 |
| eAPM avg | 15.6 |
| Villagers / military | 171 / 218 |
Focus
⚔️ 40.2% · 🌾 59.8%
Spearman ×120 · Scout Cavalry ×45 · Knight ×20 · Leitis ×14 · Militia ×12 · Scorpion ×5
Feudal
9:50
Castle
34:01
Imperial
54:14
| APM avg | 30.3 |
| APM peak | 97 |
| eAPM avg | 15.7 |
| Villagers / military | 147 / 541 |
Focus
⚔️ 41.4% · 🌾 58.6%
Spearman ×459 · Battering Ram ×53 · Skirmisher ×29
Feudal
10:25
Castle
15:09
Imperial
30:58
| APM avg | 22.4 |
| APM peak | 46 |
| eAPM avg | 14.5 |
| Villagers / military | 120 / 847 |
Focus
⚔️ 42.3% · 🌾 57.7%
Scout Cavalry ×559 · Tarkan ×268 · Battering Ram ×15 · Knight ×5
Match map
Initial resources + every placement click. Lines = walls · curves = elevation contours. ◆ gold · ⬟ stone · ● berries · ✦ relic · ◌ wall gap
Your base· ✓ Closed at 14:43 · 0t walls · 2 gate(s)
TTVJohnWickCiv5's base· ✓ Closed at 17:31 · 0t walls · 2 gate(s)
Fiaboi_'s base· ✓ Closed at 14:42 · 0t walls · 2 gate(s)
TooCoolPeru's base· ✓ Closed at 16:48 · 12t walls · 2 gate(s)
DungaChapado's base· ✓ Closed at 29:21 · 0t walls · 2 gate(s)
hohoho's base· ✓ Closed at 15:40 · 0t walls · 2 gate(s)
Chéio's base· ✓ Closed at 34:01 · 0t walls · 2 gate(s)
740784354's base· ✓ Closed at 15:09 · 0t walls · 2 gate(s)
Smoothed initial terrain · ◌ = detected wall gap · hover for details
Inputs per minute
— Longshanks - - TTVJohnWickCiv5
Build order — Longshanks
First 150 of 476 actions detected
| 0:01 | Create | Villager (Male) |
| 0:02 | Build | House |
| 0:03 | Build | House |
| 0:06 | Create | Villager (Male) |
| 0:07 | Create | Villager (Male) |
| 0:19 | Create | Villager (Male) |
| 1:29 | Create | Villager (Male) |
| 1:46 | Build | Lumber Camp |
| 2:15 | Create | Villager (Male) |
| 2:15 | Create | Villager (Male) |
| 2:19 | Create | Villager (Male) |
| 2:19 | Create | Villager (Male) |
| 3:12 | Build | House |
| 3:13 | Build | House |
| 3:14 | Create | Villager (Male) |
| 3:16 | Create | Villager (Male) |
| 3:18 | Create | Villager (Male) |
| 3:28 | Build | House |
| 3:36 | Create | Villager (Male) |
| 4:24 | Create | Villager (Male) |
| 4:26 | Create | Villager (Male) |
| 4:41 | Build | Mill |
| 5:01 | Create | Villager (Male) |
| 6:16 | Create | Villager (Male) |
| 6:27 | Create | Villager (Male) |
| 6:28 | Create | Villager (Male) |
| 7:17 | Create | Villager (Male) |
| 7:43 | Create | Villager (Male) |
| 7:44 | Create | Villager (Male) |
| 8:01 | Build | Mining Camp |
| 8:03 | Research | Feudal Age |
| 8:24 | Build | Mining Camp |
| 9:13 | Build | Farm |
| 9:29 | Build | Farm |
| 9:59 | Build | Farm |
| 10:00 | Build | Farm |
| 10:12 | Create | Villager (Male) |
| 10:12 | Create | Villager (Male) |
| 10:33 | Build | Farm |
| 10:56 | Age | Feudal Age |
| 10:57 | Build | Market |
| 11:00 | Build | Blacksmith |
| 12:03 | Research | Castle Age |
| 12:03 | Research | Castle Age |
| 12:38 | Build | Farm |
| 12:39 | Build | Farm |
| 12:50 | Research | Double-Bit Axe |
| 13:25 | Research | Town Watch |
| 13:35 | Build | Outpost |
| 14:31 | Create | Villager (Male) |
| 14:31 | Create | Villager (Male) |
| 14:43 | Age | Castle Age |
| 14:56 | Build | Castle |
| 15:14 | Research | Bow Saw |
| 15:57 | Create | Villager (Male) |
| 16:06 | Create | Villager (Male) |
| 16:09 | Build | Farm |
| 16:17 | Create | Longbowman |
| 16:46 | Create | Villager (Male) |
| 16:50 | Build | Town Center |
| 16:57 | Create | Villager (Male) |
| 17:33 | Create | Villager (Male) |
| 17:34 | Create | Villager (Male) |
| 17:34 | Create | Villager (Male) |
| 17:39 | Build | Town Center |
| 18:20 | Create | Villager (Male) |
| 18:21 | Create | Villager (Male) |
| 18:35 | Build | Farm |
| 18:53 | Create | Villager (Male) |
| 18:53 | Create | Villager (Male) |
| 18:57 | Build | Farm |
| 19:04 | Create | Villager (Male) |
| 19:04 | Create | Villager (Male) |
| 19:05 | Create | Villager (Male) |
| 19:13 | Build | Farm |
| 19:15 | Create | Villager (Male) |
| 19:16 | Create | Villager (Male) |
| 19:35 | Build | Farm |
| 19:37 | Create | Villager (Male) |
| 19:48 | Build | Farm |
| 19:50 | Create | Villager (Male) |
| 20:05 | Create | Villager (Male) |
| 20:06 | Create | Villager (Male) |
| 20:18 | Build | Farm |
| 20:20 | Build | Farm |
| 20:23 | Create | Villager (Male) |
| 20:23 | Create | Villager (Male) |
| 20:30 | Build | Farm |
| 20:36 | Build | Farm |
| 20:37 | Create | Villager (Male) |
| 20:44 | Create | Villager (Male) |
| 20:45 | Create | Villager (Male) |
| 20:45 | Create | Villager (Male) |
| 21:06 | Research | Horse Collar |
| 21:06 | Research | Horse Collar |
| 21:10 | Build | Farm |
| 21:10 | Build | Farm |
| 21:10 | Build | Farm |
| 21:14 | Create | Villager (Male) |
| 21:23 | Build | House |
| 21:24 | Build | House |
| 21:30 | Build | House |
| 21:33 | Build | House |
| 21:36 | Create | Villager (Male) |
| 21:36 | Create | Villager (Male) |
| 21:37 | Create | Villager (Male) |
| 21:51 | Create | Villager (Male) |
| 21:52 | Create | Villager (Male) |
| 21:52 | Create | Villager (Male) |
| 21:58 | Build | Lumber Camp |
| 22:03 | Create | Villager (Male) |
| 22:03 | Create | Villager (Male) |
| 22:09 | Build | Town Center |
| 22:15 | Create | Villager (Male) |
| 22:20 | Build | House |
| 22:22 | Create | Villager (Male) |
| 22:22 | Create | Villager (Male) |
| 22:31 | Build | Monastery |
| 22:38 | Create | Villager (Male) |
| 22:41 | Create | Villager (Male) |
| 22:41 | Create | Villager (Male) |
| 22:41 | Create | Villager (Male) |
| 22:41 | Create | Villager (Male) |
| 22:53 | Build | Barracks |
| 22:57 | Create | Villager (Male) |
| 22:57 | Create | Villager (Male) |
| 23:12 | Create | Villager (Male) |
| 23:17 | Build | Farm |
| 23:21 | Build | University |
| 23:26 | Create | Villager (Male) |
| 23:26 | Create | Villager (Male) |
| 23:36 | Build | Farm |
| 23:37 | Build | Farm |
| 23:38 | Build | Farm |
| 23:46 | Create | Villager (Male) |
| 23:46 | Create | Villager (Male) |
| 23:58 | Build | Castle |
| 24:05 | Build | House |
| 24:06 | Build | House |
| 24:09 | Create | Villager (Male) |
| 24:10 | Create | Villager (Male) |
| 24:12 | Create | Villager (Male) |
| 24:12 | Create | Villager (Male) |
| 24:16 | Build | Mill |
| 24:17 | Build | Farm |
| 24:17 | Build | Farm |
| 24:18 | Build | Farm |
| 24:18 | Build | Farm |
| 24:18 | Build | Farm |
| 24:19 | Build | Farm |
Build order — TTVJohnWickCiv5
First 150 of 683 actions detected
| 0:04 | Build | House |
| 0:07 | Build | House |
| 0:08 | Create | Villager (Male) |
| 0:36 | Create | Villager (Male) |
| 0:59 | Create | Villager (Male) |
| 1:21 | Create | Villager (Male) |
| 1:49 | Create | Villager (Male) |
| 2:06 | Build | Mill |
| 2:08 | Create | Villager (Male) |
| 2:38 | Create | Villager (Male) |
| 2:59 | Create | Villager (Male) |
| 3:19 | Create | Villager (Male) |
| 3:38 | Build | House |
| 3:44 | Create | Villager (Male) |
| 4:14 | Create | Villager (Male) |
| 4:24 | Build | Lumber Camp |
| 4:35 | Create | Villager (Male) |
| 5:02 | Create | Villager (Male) |
| 5:23 | Create | Villager (Male) |
| 5:28 | Build | House |
| 5:50 | Create | Villager (Male) |
| 6:27 | Create | Villager (Male) |
| 6:51 | Create | Villager (Male) |
| 7:15 | Create | Villager (Male) |
| 7:44 | Research | Feudal Age |
| 9:36 | Create | Villager (Male) |
| 9:48 | Age | Feudal Age |
| 9:54 | Research | Double-Bit Axe |
| 10:03 | Build | Farm |
| 10:04 | Build | Farm |
| 10:04 | Build | Farm |
| 10:04 | Build | Farm |
| 10:04 | Build | Farm |
| 10:05 | Build | Farm |
| 10:09 | Create | Villager (Male) |
| 10:16 | Build | House |
| 10:26 | Research | Horse Collar |
| 10:45 | Create | Villager (Male) |
| 10:56 | Build | Farm |
| 10:56 | Build | Farm |
| 10:56 | Build | Farm |
| 10:57 | Build | Farm |
| 11:08 | Create | Villager (Male) |
| 11:15 | Build | Farm |
| 11:28 | Create | Villager (Male) |
| 11:36 | Build | Mining Camp |
| 11:45 | Create | Villager (Male) |
| 12:16 | Create | Villager (Male) |
| 12:30 | Build | House |
| 12:34 | Research | Gold Mining |
| 12:43 | Create | Villager (Male) |
| 13:05 | Create | Villager (Male) |
| 13:12 | Build | Blacksmith |
| 13:22 | Create | Villager (Male) |
| 13:54 | Create | Villager (Male) |
| 14:04 | Build | Market |
| 14:37 | Build | Mining Camp |
| 14:43 | Research | Loom |
| 14:51 | Build | Farm |
| 14:58 | Research | Castle Age |
| 15:18 | Build | Lumber Camp |
| 16:08 | Research | Forging |
| 16:13 | Build | House |
| 16:48 | Build | Barracks |
| 16:58 | Research | Stone Mining |
| 17:31 | Age | Castle Age |
| 17:33 | Build | Town Center |
| 17:35 | Research | Bow Saw |
| 17:39 | Create | Villager (Male) |
| 18:00 | Research | Heavy Plow |
| 18:01 | Create | Villager (Male) |
| 18:23 | Create | Villager (Male) |
| 18:55 | Build | Town Center |
| 18:57 | Create | Villager (Male) |
| 19:07 | Research | Scale Mail Armor |
| 19:15 | Create | Villager (Male) |
| 19:33 | Create | Villager (Male) |
| 19:37 | Create | Villager (Male) |
| 19:52 | Build | Stable |
| 19:55 | Build | Archery Range |
| 20:01 | Create | Villager (Male) |
| 20:03 | Create | Villager (Male) |
| 20:09 | Build | Farm |
| 20:09 | Build | Farm |
| 20:09 | Build | Farm |
| 20:09 | Build | Farm |
| 20:09 | Build | Farm |
| 20:16 | Build | Farm |
| 20:19 | Create | Villager (Male) |
| 20:25 | Build | Farm |
| 20:34 | Create | Villager (Male) |
| 20:43 | Build | Farm |
| 20:48 | Build | Farm |
| 20:49 | Create | Villager (Male) |
| 20:55 | Build | Farm |
| 21:07 | Build | Farm |
| 21:11 | Build | House |
| 21:13 | Create | Villager (Male) |
| 21:14 | Create | Villager (Male) |
| 21:17 | Create | Villager (Male) |
| 21:33 | Build | Castle |
| 21:37 | Create | Villager (Male) |
| 21:38 | Create | Villager (Male) |
| 21:47 | Create | Villager (Male) |
| 21:55 | Build | Farm |
| 21:55 | Build | Farm |
| 21:55 | Build | Farm |
| 22:03 | Create | Villager (Male) |
| 22:03 | Create | Villager (Male) |
| 22:03 | Create | Villager (Male) |
| 22:10 | Build | Farm |
| 22:17 | Build | Farm |
| 22:17 | Build | Farm |
| 22:28 | Build | Farm |
| 22:29 | Create | Villager (Male) |
| 22:30 | Create | Villager (Male) |
| 22:35 | Build | House |
| 22:38 | Research | Town Watch |
| 22:49 | Build | House |
| 22:53 | Research | Wheelbarrow |
| 22:57 | Build | Farm |
| 23:02 | Build | Farm |
| 23:04 | Build | Farm |
| 23:09 | Build | House |
| 23:11 | Create | Villager (Male) |
| 23:11 | Create | Villager (Male) |
| 23:11 | Create | Villager (Male) |
| 23:37 | Create | Villager (Male) |
| 23:37 | Create | Villager (Male) |
| 23:54 | Build | Farm |
| 23:55 | Create | Villager (Male) |
| 23:55 | Create | Villager (Male) |
| 23:55 | Create | Villager (Male) |
| 23:59 | Build | Farm |
| 23:59 | Build | Farm |
| 23:59 | Build | Farm |
| 23:59 | Build | Farm |
| 24:05 | Build | House |
| 24:12 | Build | Farm |
| 24:20 | Create | Villager (Male) |
| 24:20 | Create | Villager (Male) |
| 24:23 | Build | Farm |
| 24:24 | Build | Farm |
| 24:31 | Create | Villager (Male) |
| 24:31 | Create | Villager (Male) |
| 24:33 | Build | Farm |
| 24:41 | Build | House |
| 24:49 | Create | Villager (Male) |
| 24:49 | Create | Villager (Male) |
| 24:51 | Build | Farm |
Build order — Fiaboi_
First 150 of 509 actions detected
| 0:01 | Create | Villager (Male) |
| 0:01 | Create | Villager (Male) |
| 0:02 | Create | Villager (Male) |
| 0:02 | Create | Villager (Male) |
| 0:02 | Create | Villager (Male) |
| 0:03 | Build | House |
| 0:05 | Build | House |
| 1:46 | Create | Villager (Male) |
| 1:46 | Create | Villager (Male) |
| 1:47 | Create | Villager (Male) |
| 1:49 | Build | Lumber Camp |
| 2:02 | Create | Villager (Male) |
| 2:02 | Create | Villager (Male) |
| 2:29 | Create | Villager (Male) |
| 2:29 | Create | Villager (Male) |
| 2:56 | Create | Villager (Male) |
| 2:56 | Create | Villager (Male) |
| 2:56 | Create | Villager (Male) |
| 3:07 | Build | House |
| 3:08 | Build | House |
| 3:24 | Create | Villager (Male) |
| 3:25 | Create | Villager (Male) |
| 3:53 | Create | Villager (Male) |
| 4:12 | Create | Villager (Male) |
| 4:21 | Build | Mill |
| 4:48 | Create | Villager (Male) |
| 4:48 | Create | Villager (Male) |
| 5:46 | Create | Villager (Male) |
| 5:47 | Create | Villager (Male) |
| 5:47 | Create | Villager (Male) |
| 6:04 | Create | Villager (Male) |
| 6:18 | Create | Villager (Male) |
| 6:58 | Build | Mining Camp |
| 7:20 | Create | Villager (Male) |
| 8:17 | Create | Villager (Male) |
| 8:18 | Create | Villager (Male) |
| 8:25 | Create | Villager (Male) |
| 8:31 | Build | House |
| 8:33 | Build | House |
| 8:37 | Research | Feudal Age |
| 8:39 | Create | Villager (Male) |
| 9:11 | Create | Villager (Male) |
| 9:57 | Build | Mining Camp |
| 10:08 | Build | Farm |
| 10:18 | Build | Farm |
| 11:01 | Age | Feudal Age |
| 11:03 | Build | Market |
| 11:05 | Build | Blacksmith |
| 11:18 | Build | Farm |
| 11:21 | Build | Farm |
| 11:47 | Build | Farm |
| 11:50 | Build | Farm |
| 12:02 | Research | Castle Age |
| 12:33 | Research | Double-Bit Axe |
| 12:56 | Research | Horse Collar |
| 13:22 | Create | Villager (Male) |
| 13:22 | Create | Villager (Male) |
| 14:42 | Age | Castle Age |
| 14:44 | Build | Town Center |
| 14:49 | Build | Town Center |
| 14:58 | Research | Bow Saw |
| 15:52 | Create | Villager (Male) |
| 15:52 | Create | Villager (Male) |
| 15:52 | Create | Villager (Male) |
| 15:52 | Create | Villager (Male) |
| 15:52 | Create | Villager (Male) |
| 16:04 | Build | Farm |
| 16:05 | Build | Farm |
| 16:05 | Build | Farm |
| 16:10 | Build | Farm |
| 16:15 | Create | Villager (Male) |
| 16:16 | Create | Villager (Male) |
| 16:16 | Create | Villager (Male) |
| 16:30 | Create | Villager (Male) |
| 16:30 | Create | Villager (Male) |
| 16:33 | Build | Farm |
| 16:40 | Build | Farm |
| 16:43 | Build | Farm |
| 16:53 | Build | Farm |
| 17:00 | Create | Villager (Male) |
| 17:00 | Create | Villager (Male) |
| 17:01 | Create | Villager (Male) |
| 17:01 | Create | Villager (Male) |
| 17:06 | Build | Farm |
| 17:11 | Build | Farm |
| 17:12 | Build | Farm |
| 17:18 | Create | Villager (Male) |
| 17:18 | Create | Villager (Male) |
| 17:20 | Build | Farm |
| 17:24 | Build | Farm |
| 17:30 | Create | Villager (Male) |
| 17:31 | Create | Villager (Male) |
| 17:40 | Create | Villager (Male) |
| 17:41 | Create | Villager (Male) |
| 17:41 | Create | Villager (Male) |
| 17:41 | Create | Villager (Male) |
| 17:44 | Build | Farm |
| 17:49 | Build | Farm |
| 17:55 | Build | Farm |
| 17:56 | Create | Villager (Male) |
| 17:56 | Create | Villager (Male) |
| 18:03 | Build | House |
| 18:12 | Build | House |
| 18:13 | Build | House |
| 18:18 | Build | House |
| 18:20 | Create | Villager (Male) |
| 18:20 | Create | Villager (Male) |
| 18:20 | Create | Villager (Male) |
| 18:21 | Create | Villager (Male) |
| 18:26 | Build | Farm |
| 18:31 | Build | Farm |
| 18:34 | Build | Farm |
| 18:36 | Create | Villager (Male) |
| 18:36 | Create | Villager (Male) |
| 18:48 | Build | Farm |
| 18:52 | Build | Farm |
| 18:56 | Create | Villager (Male) |
| 18:56 | Create | Villager (Male) |
| 18:56 | Create | Villager (Male) |
| 18:57 | Create | Villager (Male) |
| 19:01 | Build | Farm |
| 19:14 | Create | Villager (Male) |
| 19:14 | Create | Villager (Male) |
| 19:14 | Create | Villager (Male) |
| 19:18 | Build | Farm |
| 19:26 | Build | Farm |
| 19:26 | Build | Farm |
| 19:28 | Create | Villager (Male) |
| 19:28 | Create | Villager (Male) |
| 19:28 | Create | Villager (Male) |
| 19:28 | Create | Villager (Male) |
| 19:33 | Create | Villager (Male) |
| 19:33 | Create | Villager (Male) |
| 19:45 | Build | Mining Camp |
| 19:47 | Create | Villager (Male) |
| 19:48 | Create | Villager (Male) |
| 19:50 | Create | Villager (Male) |
| 19:50 | Create | Villager (Male) |
| 20:01 | Build | House |
| 20:05 | Build | House |
| 20:06 | Build | House |
| 20:09 | Build | House |
| 20:10 | Create | Villager (Male) |
| 20:10 | Create | Villager (Male) |
| 20:11 | Create | Villager (Male) |
| 20:11 | Create | Villager (Male) |
| 20:11 | Create | Villager (Male) |
| 20:37 | Research | Wheelbarrow |
| 20:37 | Research | Wheelbarrow |
| 20:41 | Create | Villager (Male) |
Build order — TooCoolPeru
First 150 of 730 actions detected
| 0:02 | Create | Villager (Male) |
| 0:03 | Create | Villager (Male) |
| 0:03 | Create | Villager (Male) |
| 0:05 | Build | House |
| 0:09 | Build | House |
| 0:24 | Create | Villager (Male) |
| 0:24 | Create | Villager (Male) |
| 0:24 | Create | Villager (Male) |
| 1:29 | Create | Villager (Male) |
| 1:30 | Create | Villager (Male) |
| 2:05 | Build | Lumber Camp |
| 2:16 | Create | Villager (Male) |
| 2:17 | Create | Villager (Male) |
| 2:33 | Create | Villager (Male) |
| 2:33 | Create | Villager (Male) |
| 2:58 | Research | Loom |
| 3:09 | Create | Villager (Male) |
| 3:39 | Create | Villager (Male) |
| 4:04 | Build | House |
| 4:06 | Build | House |
| 4:15 | Create | Villager (Male) |
| 4:35 | Build | Mill |
| 4:45 | Build | House |
| 4:51 | Create | Villager (Male) |
| 4:54 | Create | Villager (Male) |
| 5:35 | Create | Villager (Male) |
| 5:55 | Build | Mill |
| 5:57 | Create | Villager (Male) |
| 6:14 | Create | Villager (Male) |
| 6:31 | Create | Villager (Male) |
| 6:53 | Create | Villager (Male) |
| 7:23 | Create | Villager (Male) |
| 7:48 | Create | Villager (Male) |
| 8:07 | Create | Villager (Male) |
| 8:18 | Create | Villager (Male) |
| 8:42 | Create | Villager (Male) |
| 9:28 | Create | Villager (Male) |
| 9:29 | Research | Feudal Age |
| 9:59 | Build | Farm |
| 10:05 | Build | Lumber Camp |
| 10:18 | Build | Lumber Camp |
| 10:24 | Build | Mining Camp |
| 10:41 | Build | House |
| 11:15 | Create | Villager (Male) |
| 11:31 | Build | Farm |
| 11:37 | Build | House |
| 12:09 | Build | House |
| 12:26 | Age | Feudal Age |
| 12:28 | Create | Villager (Male) |
| 12:36 | Build | Market |
| 12:40 | Build | Blacksmith |
| 12:45 | Create | Villager (Male) |
| 12:51 | Build | Farm |
| 12:54 | Build | Farm |
| 12:57 | Build | Farm |
| 12:59 | Build | Farm |
| 14:04 | Create | Villager (Male) |
| 14:08 | Research | Castle Age |
| 14:08 | Research | Castle Age |
| 14:08 | Research | Castle Age |
| 14:37 | Research | Gold Mining |
| 15:25 | Build | Barracks |
| 16:23 | Build | Stone Wall |
| 16:48 | Age | Castle Age |
| 16:53 | Build | Siege Workshop |
| 17:00 | Build | Palisade Gate |
| 17:05 | Create | Villager (Male) |
| 17:17 | Build | Town Center |
| 17:23 | Create | Villager (Male) |
| 17:28 | Build | House |
| 18:21 | Create | Villager (Male) |
| 18:24 | Create | Mangonel |
| 18:24 | Create | Mangonel |
| 19:26 | Create | Villager (Male) |
| 19:26 | Create | Villager (Male) |
| 19:28 | Build | Farm |
| 19:33 | Build | House |
| 19:35 | Build | House |
| 20:03 | Build | Town Center |
| 20:05 | Create | Villager (Male) |
| 20:07 | Build | Farm |
| 20:10 | Build | Farm |
| 20:12 | Build | Farm |
| 20:14 | Build | Farm |
| 20:15 | Research | Double-Bit Axe |
| 20:16 | Create | Villager (Male) |
| 20:17 | Create | Villager (Male) |
| 20:17 | Create | Villager (Male) |
| 20:49 | Create | Scorpion |
| 20:51 | Create | Villager (Male) |
| 20:51 | Create | Villager (Male) |
| 20:52 | Create | Villager (Male) |
| 20:56 | Build | Farm |
| 20:59 | Build | Farm |
| 21:01 | Create | Villager (Male) |
| 21:05 | Research | Bow Saw |
| 21:08 | Build | Farm |
| 21:12 | Build | Farm |
| 21:30 | Build | Farm |
| 21:32 | Build | Farm |
| 21:37 | Build | Farm |
| 21:37 | Create | Villager (Male) |
| 21:38 | Create | Villager (Male) |
| 21:38 | Create | Villager (Male) |
| 21:52 | Build | Lumber Camp |
| 21:55 | Build | Farm |
| 21:58 | Build | Farm |
| 21:59 | Create | Villager (Male) |
| 21:59 | Create | Villager (Male) |
| 22:00 | Create | Villager (Male) |
| 22:23 | Create | Villager (Male) |
| 22:24 | Create | Villager (Male) |
| 22:27 | Create | Villager (Male) |
| 22:41 | Build | Town Center |
| 22:51 | Create | Villager (Male) |
| 22:52 | Create | Villager (Male) |
| 22:53 | Create | Villager (Male) |
| 23:08 | Build | Farm |
| 23:13 | Build | Farm |
| 23:15 | Create | Villager (Male) |
| 23:16 | Create | Villager (Male) |
| 23:17 | Create | Villager (Male) |
| 23:24 | Build | Farm |
| 23:26 | Build | Farm |
| 23:30 | Build | Farm |
| 23:35 | Create | Villager (Male) |
| 23:36 | Create | Villager (Male) |
| 23:37 | Create | Villager (Male) |
| 24:03 | Create | Villager (Male) |
| 24:04 | Create | Villager (Male) |
| 24:06 | Create | Villager (Male) |
| 24:10 | Build | Farm |
| 24:13 | Create | Villager (Male) |
| 24:13 | Create | Villager (Male) |
| 24:17 | Build | Farm |
| 24:20 | Build | Farm |
| 24:22 | Build | Farm |
| 24:25 | Build | Farm |
| 24:31 | Build | Farm |
| 24:35 | Build | Farm |
| 24:36 | Create | Villager (Male) |
| 24:37 | Create | Villager (Male) |
| 24:38 | Create | Villager (Male) |
| 24:38 | Create | Villager (Male) |
| 24:38 | Create | Villager (Male) |
| 24:39 | Create | Villager (Male) |
| 25:00 | Create | Villager (Male) |
| 25:01 | Create | Villager (Male) |
| 25:02 | Create | Villager (Male) |
| 25:04 | Create | Villager (Male) |
Build order — DungaChapado
First 150 of 459 actions detected
| 0:06 | Create | Villager (Male) |
| 0:06 | Create | Villager (Male) |
| 0:07 | Create | Villager (Male) |
| 0:07 | Create | Villager (Male) |
| 0:07 | Create | Villager (Male) |
| 0:09 | Build | House |
| 0:11 | Build | House |
| 1:49 | Create | Villager (Male) |
| 1:49 | Create | Villager (Male) |
| 1:59 | Build | Lumber Camp |
| 2:29 | Create | Villager (Male) |
| 2:29 | Create | Villager (Male) |
| 2:29 | Create | Villager (Male) |
| 2:57 | Create | Villager (Male) |
| 2:58 | Create | Villager (Male) |
| 2:58 | Create | Villager (Male) |
| 3:10 | Create | Villager (Male) |
| 3:10 | Create | Villager (Male) |
| 3:50 | Build | Mill |
| 3:53 | Create | Villager (Male) |
| 3:54 | Create | Villager (Male) |
| 3:54 | Create | Villager (Male) |
| 3:55 | Create | Villager (Male) |
| 4:13 | Build | House |
| 4:25 | Create | Villager (Male) |
| 4:25 | Create | Villager (Male) |
| 4:25 | Create | Villager (Male) |
| 4:41 | Build | House |
| 4:57 | Create | Villager (Male) |
| 4:57 | Create | Villager (Male) |
| 5:39 | Create | Villager (Male) ×2 |
| 5:39 | Create | Villager (Male) ×2 |
| 5:39 | Create | Villager (Male) ×2 |
| 6:22 | Build | Mining Camp |
| 6:33 | Create | Villager (Male) |
| 6:33 | Create | Villager (Male) |
| 6:33 | Create | Villager (Male) |
| 6:34 | Create | Villager (Male) |
| 6:34 | Create | Villager (Male) |
| 6:34 | Create | Villager (Male) |
| 7:20 | Create | Villager (Male) |
| 7:20 | Create | Villager (Male) |
| 7:21 | Create | Villager (Male) |
| 9:00 | Build | Barracks |
| 9:20 | Research | Feudal Age |
| 9:27 | Build | House |
| 9:28 | Build | House |
| 9:30 | Build | House |
| 9:31 | Build | House |
| 9:46 | Create | Villager (Male) |
| 9:47 | Create | Villager (Male) |
| 10:33 | Create | Militia |
| 10:33 | Create | Militia |
| 10:34 | Create | Militia |
| 10:35 | Create | Militia |
| 11:30 | Age | Feudal Age |
| 11:44 | Build | Blacksmith |
| 11:56 | Build | Market |
| 12:33 | Research | Man-at-Arms (upgrade) |
| 12:40 | Create | Villager (Male) |
| 12:41 | Create | Villager (Male) |
| 12:41 | Create | Villager (Male) |
| 12:42 | Create | Villager (Male) |
| 12:45 | Create | Militia |
| 12:45 | Create | Militia |
| 12:46 | Create | Militia |
| 12:47 | Create | Militia |
| 12:58 | Research | Man-at-Arms (upgrade) |
| 13:01 | Research | Scale Mail Armor |
| 13:12 | Build | Farm |
| 13:13 | Build | Farm |
| 13:27 | Create | Militia |
| 13:29 | Create | Militia |
| 13:49 | Build | Farm |
| 13:52 | Build | Farm |
| 13:56 | Build | Farm |
| 13:59 | Build | Farm |
| 14:05 | Build | Farm |
| 14:13 | Build | Farm |
| 14:21 | Build | Farm |
| 14:23 | Create | Villager (Male) |
| 14:23 | Create | Villager (Male) |
| 14:24 | Create | Villager (Male) |
| 14:30 | Build | House |
| 14:31 | Build | House |
| 14:33 | Build | House |
| 15:21 | Research | Forging |
| 15:59 | Create | Militia |
| 15:59 | Create | Militia |
| 15:59 | Create | Militia |
| 15:59 | Create | Militia |
| 16:11 | Create | Villager (Male) |
| 16:11 | Create | Villager (Male) |
| 16:32 | Create | Militia |
| 16:32 | Create | Militia |
| 16:46 | Build | Farm |
| 16:59 | Build | Mining Camp |
| 17:02 | Create | Villager (Male) |
| 17:02 | Create | Villager (Male) |
| 17:02 | Create | Villager (Male) |
| 17:06 | Build | House |
| 17:07 | Build | House |
| 17:09 | Build | House |
| 17:11 | Build | House |
| 17:13 | Build | House |
| 17:14 | Build | House |
| 17:16 | Build | House |
| 17:17 | Build | House |
| 17:18 | Build | House |
| 17:19 | Build | House |
| 17:19 | Build | House |
| 18:14 | Create | Militia |
| 18:14 | Create | Militia |
| 18:14 | Create | Militia |
| 18:15 | Create | Militia |
| 18:15 | Create | Militia |
| 18:55 | Create | Spearman |
| 18:55 | Create | Spearman |
| 18:55 | Create | Spearman |
| 18:56 | Create | Spearman |
| 18:56 | Create | Spearman |
| 19:10 | Build | Barracks |
| 19:12 | Build | Barracks |
| 19:14 | Research | Horse Collar |
| 19:38 | Research | Double-Bit Axe |
| 20:24 | Create | Spearman ×5 |
| 20:24 | Create | Spearman ×5 |
| 20:52 | Build | Mill |
| 21:29 | Create | Spearman ×5 |
| 21:30 | Create | Spearman ×5 |
| 21:30 | Create | Spearman ×5 |
| 21:43 | Build | Farm |
| 21:44 | Build | Farm |
| 21:44 | Build | Farm |
| 21:45 | Build | Farm |
| 21:52 | Create | Villager (Male) |
| 21:52 | Create | Villager (Male) |
| 22:02 | Build | Farm |
| 22:03 | Build | Farm |
| 22:03 | Build | Farm |
| 22:04 | Build | Farm |
| 22:42 | Research | Gold Mining |
| 22:55 | Create | Villager (Male) |
| 22:55 | Create | Villager (Male) |
| 22:56 | Create | Villager (Male) |
| 22:56 | Create | Villager (Male) |
| 22:56 | Create | Villager (Male) |
| 23:24 | Build | Farm |
| 26:31 | Build | Farm |
| 26:32 | Build | Farm |
Build order — hohoho
First 150 of 615 actions detected
| 0:02 | Create | Villager (Male) |
| 0:02 | Create | Villager (Male) |
| 0:04 | Build | House |
| 0:09 | Build | House |
| 0:10 | Create | Villager (Male) |
| 0:10 | Create | Villager (Male) |
| 0:11 | Create | Villager (Male) |
| 0:22 | Create | Villager (Male) |
| 0:22 | Create | Villager (Male) |
| 1:26 | Create | Villager (Male) |
| 1:26 | Create | Villager (Male) |
| 2:24 | Create | Villager (Male) |
| 2:25 | Create | Villager (Male) |
| 2:25 | Create | Villager (Male) |
| 3:19 | Create | Villager (Male) |
| 3:20 | Create | Villager (Male) |
| 3:41 | Build | House |
| 3:44 | Build | House |
| 4:19 | Build | Lumber Camp |
| 4:26 | Create | Villager (Male) |
| 4:27 | Create | Villager (Male) |
| 4:28 | Create | Villager (Male) |
| 5:05 | Create | Villager (Male) |
| 5:05 | Create | Villager (Male) |
| 5:59 | Build | Mining Camp |
| 6:36 | Create | Villager (Male) |
| 6:37 | Create | Villager (Male) |
| 6:42 | Create | Villager (Male) |
| 6:54 | Create | Villager (Male) |
| 6:55 | Create | Villager (Male) |
| 7:31 | Build | Mill |
| 8:32 | Build | House |
| 8:46 | Research | Feudal Age |
| 9:32 | Build | Barracks |
| 10:09 | Create | Villager (Male) |
| 10:33 | Create | Villager (Male) |
| 10:58 | Age | Feudal Age |
| 11:05 | Build | Stable |
| 11:05 | Build | Stable |
| 11:13 | Build | Blacksmith |
| 11:37 | Build | Market |
| 11:47 | Create | Villager (Male) |
| 12:01 | Research | Loom |
| 12:12 | Build | Farm |
| 12:39 | Build | Farm |
| 13:00 | Research | Castle Age |
| 13:25 | Build | House |
| 13:29 | Build | House |
| 13:34 | Build | Farm |
| 13:41 | Research | Double-Bit Axe |
| 13:54 | Research | Horse Collar |
| 14:16 | Build | Farm |
| 14:35 | Build | Farm |
| 14:43 | Build | Farm |
| 14:47 | Build | Farm |
| 14:57 | Build | Farm |
| 15:32 | Create | Scout Cavalry |
| 15:40 | Age | Castle Age |
| 15:40 | Create | Scout Cavalry |
| 15:44 | Create | Knight |
| 15:58 | Build | Siege Workshop |
| 16:20 | Create | Knight |
| 17:17 | Create | Knight |
| 17:42 | Create | Knight |
| 17:50 | Create | Knight |
| 18:04 | Research | Scale Mail Armor |
| 18:14 | Build | Gate |
| 18:21 | Create | Knight |
| 18:56 | Build | Stone Wall |
| 19:11 | Create | Villager (Male) |
| 19:11 | Create | Villager (Male) |
| 19:11 | Create | Villager (Male) |
| 19:12 | Create | Villager (Male) |
| 19:12 | Create | Villager (Male) |
| 19:15 | Create | Villager (Male) |
| 19:18 | Build | Farm |
| 19:49 | Build | Farm |
| 20:12 | Create | Knight |
| 20:23 | Create | Villager (Male) |
| 20:34 | Create | Villager (Male) |
| 20:55 | Create | Knight |
| 21:41 | Create | Scorpion |
| 21:42 | Create | Scorpion |
| 21:56 | Research | Scale Barding Armor |
| 22:01 | Create | Villager (Male) |
| 22:19 | Create | Villager (Male) |
| 22:37 | Create | Knight |
| 23:22 | Create | Scorpion |
| 23:22 | Create | Scorpion |
| 23:22 | Create | Scorpion |
| 23:34 | Build | Town Center |
| 23:36 | Create | Villager (Male) |
| 24:07 | Create | Villager (Male) |
| 24:08 | Create | Villager (Male) |
| 24:13 | Build | House |
| 24:15 | Build | House |
| 24:26 | Create | Villager (Male) |
| 24:27 | Create | Villager (Male) |
| 24:27 | Create | Villager (Male) |
| 25:15 | Create | Mangonel |
| 25:24 | Create | Villager (Male) |
| 25:24 | Create | Villager (Male) |
| 25:24 | Create | Villager (Male) |
| 26:23 | Research | Fletching |
| 28:15 | Build | Gate |
| 28:49 | Create | Villager (Male) |
| 28:50 | Create | Villager (Male) |
| 28:51 | Create | Villager (Male) |
| 28:51 | Create | Villager (Male) |
| 28:51 | Create | Villager (Male) |
| 28:51 | Create | Villager (Male) |
| 28:51 | Create | Villager (Male) |
| 28:52 | Create | Villager (Male) |
| 28:52 | Create | Villager (Male) |
| 28:52 | Create | Villager (Male) |
| 29:30 | Build | Gate |
| 29:35 | Create | Villager (Male) |
| 29:36 | Create | Villager (Male) |
| 29:44 | Create | Villager (Male) |
| 30:28 | Build | Farm |
| 30:30 | Create | Knight |
| 30:57 | Build | Farm |
| 30:59 | Research | Man-at-Arms (upgrade) |
| 31:13 | Create | Militia |
| 31:28 | Build | Farm |
| 31:39 | Create | Villager (Male) |
| 31:40 | Research | Bow Saw |
| 31:48 | Build | House |
| 31:50 | Build | House |
| 31:59 | Create | Villager (Male) |
| 32:00 | Create | Villager (Male) |
| 32:03 | Research | Wheelbarrow |
| 32:36 | Research | Long Swordsman (upgrade) |
| 32:46 | Create | Militia |
| 33:02 | Create | Villager (Male) |
| 33:16 | Build | Town Center |
| 33:20 | Create | Militia |
| 33:35 | Create | Villager (Male) |
| 33:56 | Create | Villager (Male) |
| 34:00 | Create | Villager (Male) |
| 34:00 | Create | Villager (Male) |
| 34:46 | Build | Monastery |
| 34:58 | Create | Militia |
| 34:58 | Create | Militia |
| 35:34 | Build | Monastery |
| 35:48 | Create | Villager (Male) |
| 35:48 | Create | Villager (Male) |
| 35:48 | Create | Villager (Male) |
| 35:49 | Create | Villager (Male) |
| 35:49 | Create | Villager (Male) |
Build order — Chéio
First 150 of 477 actions detected
| 0:00 | Create | Villager (Male) |
| 0:00 | Create | Villager (Male) |
| 0:01 | Create | Villager (Male) |
| 0:01 | Create | Villager (Male) |
| 0:01 | Create | Villager (Male) |
| 0:02 | Create | Villager (Male) |
| 0:08 | Build | House |
| 0:12 | Build | House |
| 1:32 | Create | Villager (Male) |
| 1:32 | Create | Villager (Male) |
| 2:08 | Create | Villager (Male) |
| 2:08 | Create | Villager (Male) |
| 2:15 | Build | Lumber Camp |
| 2:29 | Create | Villager (Male) |
| 2:29 | Create | Villager (Male) |
| 2:45 | Build | House |
| 3:16 | Create | Villager (Male) |
| 3:19 | Create | Villager (Male) |
| 3:19 | Create | Villager (Male) |
| 3:50 | Create | Villager (Male) |
| 3:50 | Create | Villager (Male) |
| 3:50 | Create | Villager (Male) |
| 4:20 | Create | Villager (Male) |
| 4:20 | Create | Villager (Male) |
| 4:40 | Build | Mill |
| 4:59 | Create | Villager (Male) |
| 4:59 | Create | Villager (Male) |
| 5:00 | Create | Villager (Male) |
| 5:24 | Create | Villager (Male) |
| 5:25 | Create | Villager (Male) |
| 6:07 | Create | Villager (Male) |
| 6:07 | Create | Villager (Male) |
| 7:11 | Build | House |
| 7:17 | Build | Mining Camp |
| 7:40 | Research | Feudal Age |
| 7:42 | Research | Loom |
| 9:31 | Create | Villager (Male) ×4 |
| 9:50 | Age | Feudal Age |
| 10:04 | Build | Town Center |
| 10:38 | Create | Villager (Male) |
| 10:38 | Create | Villager (Male) |
| 10:38 | Create | Villager (Male) |
| 10:39 | Create | Villager (Male) |
| 10:39 | Create | Villager (Male) |
| 10:39 | Create | Villager (Male) |
| 11:50 | Build | Lumber Camp |
| 12:01 | Build | House |
| 12:05 | Build | House |
| 12:19 | Research | Double-Bit Axe |
| 12:22 | Research | Horse Collar |
| 13:09 | Build | Blacksmith |
| 14:05 | Build | House |
| 14:06 | Build | House |
| 14:13 | Build | Siege Workshop |
| 14:31 | Build | Mining Camp |
| 14:37 | Create | Battering Ram |
| 14:43 | Create | Villager (Male) |
| 14:43 | Create | Villager (Male) |
| 14:43 | Create | Villager (Male) |
| 14:44 | Create | Villager (Male) |
| 14:44 | Create | Villager (Male) |
| 14:44 | Create | Villager (Male) |
| 15:22 | Build | Farm |
| 15:22 | Build | Farm |
| 15:22 | Build | Farm |
| 15:22 | Build | Farm |
| 16:02 | Create | Battering Ram |
| 16:02 | Create | Battering Ram |
| 16:31 | Create | Villager (Male) |
| 16:32 | Create | Villager (Male) |
| 16:32 | Create | Villager (Male) |
| 16:32 | Create | Villager (Male) |
| 16:32 | Create | Villager (Male) |
| 16:49 | Build | Mill |
| 16:52 | Build | Farm |
| 16:53 | Build | Farm |
| 16:53 | Build | Farm |
| 16:53 | Build | Farm |
| 16:53 | Build | Farm |
| 16:54 | Build | Farm |
| 16:54 | Build | Farm |
| 16:55 | Build | Farm |
| 17:35 | Create | Battering Ram |
| 18:48 | Create | Battering Ram |
| 18:50 | Create | Battering Ram |
| 19:01 | Create | Villager (Male) |
| 19:01 | Create | Villager (Male) |
| 19:01 | Create | Villager (Male) |
| 19:02 | Create | Villager (Male) |
| 19:02 | Create | Villager (Male) |
| 19:02 | Create | Villager (Male) |
| 19:02 | Create | Villager (Male) |
| 19:03 | Create | Villager (Male) |
| 19:10 | Build | Farm |
| 19:10 | Build | Farm |
| 19:10 | Build | Farm |
| 19:11 | Build | Farm |
| 19:28 | Create | Villager (Male) |
| 19:28 | Create | Villager (Male) |
| 19:28 | Create | Villager (Male) |
| 19:29 | Create | Villager (Male) |
| 19:46 | Build | Barracks |
| 20:15 | Create | Spearman ×4 |
| 20:15 | Create | Spearman ×4 |
| 20:28 | Create | Villager (Male) |
| 20:29 | Create | Villager (Male) |
| 20:29 | Create | Villager (Male) |
| 20:49 | Build | Farm |
| 20:49 | Build | Farm |
| 20:49 | Build | Farm |
| 20:51 | Build | Farm |
| 20:57 | Create | Villager (Male) |
| 20:57 | Create | Villager (Male) |
| 20:58 | Create | Villager (Male) |
| 21:03 | Create | Spearman |
| 21:04 | Create | Spearman |
| 21:53 | Create | Battering Ram |
| 21:56 | Create | Battering Ram |
| 21:58 | Create | Battering Ram |
| 21:59 | Create | Battering Ram |
| 22:09 | Create | Villager (Male) |
| 22:09 | Create | Villager (Male) |
| 22:10 | Create | Villager (Male) |
| 22:10 | Create | Villager (Male) |
| 22:10 | Create | Villager (Male) |
| 22:10 | Create | Villager (Male) |
| 22:17 | Build | House |
| 22:17 | Build | House |
| 22:18 | Build | House |
| 22:18 | Build | House |
| 22:18 | Build | House |
| 22:19 | Build | House |
| 22:20 | Build | House |
| 22:20 | Build | House |
| 22:21 | Build | House |
| 22:21 | Build | House |
| 22:21 | Build | House |
| 22:22 | Build | House |
| 22:22 | Build | House |
| 22:22 | Build | House |
| 22:22 | Build | House |
| 22:23 | Build | House |
| 22:23 | Build | House |
| 22:24 | Build | House |
| 22:24 | Build | House |
| 22:32 | Create | Villager (Male) |
| 22:32 | Create | Villager (Male) |
| 22:32 | Create | Villager (Male) |
| 22:33 | Create | Villager (Male) |
| 22:51 | Create | Spearman ×5 |
Build order — 740784354
First 150 of 509 actions detected
| 0:20 | Create | Villager (Male) |
| 0:20 | Create | Villager (Male) |
| 0:20 | Create | Villager (Male) |
| 0:21 | Create | Villager (Male) |
| 0:21 | Create | Villager (Male) |
| 1:29 | Create | Villager (Male) |
| 1:29 | Create | Villager (Male) |
| 2:13 | Create | Villager (Male) |
| 2:49 | Create | Villager (Male) |
| 2:50 | Create | Villager (Male) |
| 3:10 | Create | Villager (Male) |
| 3:11 | Create | Villager (Male) |
| 3:11 | Create | Villager (Male) |
| 3:41 | Create | Villager (Male) |
| 3:42 | Create | Villager (Male) |
| 3:42 | Create | Villager (Male) |
| 4:01 | Create | Villager (Male) |
| 4:02 | Create | Villager (Male) |
| 4:17 | Build | Lumber Camp |
| 4:21 | Create | Villager (Male) |
| 4:48 | Create | Villager (Male) |
| 4:48 | Create | Villager (Male) |
| 5:13 | Create | Villager (Male) |
| 5:23 | Create | Villager (Male) |
| 6:35 | Create | Villager (Male) |
| 6:42 | Build | Mill |
| 7:34 | Create | Villager (Male) |
| 8:02 | Research | Feudal Age |
| 9:41 | Build | Farm |
| 10:09 | Build | Farm |
| 10:20 | Create | Villager (Male) |
| 10:20 | Create | Villager (Male) |
| 10:25 | Age | Feudal Age |
| 10:28 | Build | Market |
| 10:32 | Build | Blacksmith |
| 11:11 | Build | Farm |
| 11:17 | Build | Farm |
| 11:19 | Create | Villager (Male) |
| 11:44 | Create | Villager (Male) |
| 11:49 | Build | Farm |
| 12:13 | Build | Farm |
| 12:29 | Research | Castle Age |
| 13:03 | Research | Double-Bit Axe |
| 13:04 | Research | Double-Bit Axe |
| 13:04 | Research | Double-Bit Axe |
| 13:05 | Research | Double-Bit Axe |
| 13:05 | Research | Double-Bit Axe |
| 13:05 | Research | Double-Bit Axe |
| 13:06 | Research | Double-Bit Axe |
| 13:06 | Research | Double-Bit Axe |
| 13:26 | Build | Farm |
| 13:33 | Build | Farm |
| 13:40 | Build | Farm |
| 13:44 | Build | Farm |
| 13:55 | Build | Farm |
| 14:16 | Build | Farm |
| 14:21 | Create | Villager (Male) |
| 14:21 | Create | Villager (Male) |
| 14:21 | Create | Villager (Male) |
| 14:23 | Create | Villager (Male) |
| 14:24 | Create | Villager (Male) |
| 14:55 | Build | Mining Camp |
| 15:09 | Age | Castle Age |
| 15:12 | Research | Bow Saw |
| 16:10 | Build | Town Center |
| 16:26 | Build | Barracks |
| 16:52 | Create | Villager (Male) |
| 17:24 | Create | Villager (Male) |
| 17:30 | Create | Villager (Male) |
| 17:31 | Create | Villager (Male) |
| 17:31 | Create | Villager (Male) |
| 17:32 | Create | Villager (Male) |
| 17:57 | Build | Stable |
| 18:00 | Create | Villager (Male) |
| 18:05 | Research | Gold Mining |
| 18:10 | Create | Villager (Male) |
| 18:13 | Create | Villager (Male) |
| 18:38 | Create | Villager (Male) |
| 18:40 | Create | Knight |
| 18:40 | Create | Knight |
| 18:45 | Create | Knight |
| 18:45 | Create | Knight |
| 19:09 | Create | Villager (Male) |
| 19:09 | Create | Villager (Male) |
| 19:12 | Create | Knight |
| 19:36 | Create | Villager (Male) |
| 19:36 | Create | Villager (Male) |
| 19:37 | Create | Villager (Male) |
| 19:41 | Create | Villager (Male) |
| 20:37 | Create | Villager (Male) |
| 20:39 | Create | Villager (Male) |
| 20:40 | Create | Villager (Male) |
| 20:40 | Create | Villager (Male) |
| 21:29 | Create | Villager (Male) |
| 21:29 | Create | Villager (Male) |
| 21:30 | Create | Villager (Male) |
| 22:07 | Build | Farm |
| 22:09 | Create | Villager (Male) |
| 22:11 | Create | Villager (Male) |
| 22:35 | Create | Villager (Male) |
| 22:36 | Create | Villager (Male) |
| 22:42 | Build | Farm |
| 22:43 | Build | Farm |
| 22:44 | Build | Farm |
| 22:47 | Build | Farm |
| 22:51 | Build | Farm |
| 22:53 | Build | Farm |
| 23:02 | Build | Lumber Camp |
| 23:16 | Create | Villager (Male) |
| 23:18 | Build | Farm |
| 23:37 | Create | Villager (Male) |
| 23:39 | Create | Villager (Male) |
| 23:40 | Research | Wheelbarrow |
| 23:43 | Build | Farm |
| 23:44 | Create | Villager (Male) |
| 23:48 | Create | Villager (Male) |
| 23:48 | Create | Villager (Male) |
| 24:37 | Build | Town Center |
| 24:40 | Create | Villager (Male) |
| 24:40 | Create | Villager (Male) |
| 24:48 | Build | Castle |
| 25:01 | Build | Mill |
| 25:11 | Build | Farm |
| 25:12 | Build | Farm |
| 25:13 | Build | Farm |
| 25:14 | Build | Farm |
| 25:15 | Build | Farm |
| 25:16 | Build | Farm |
| 25:18 | Build | Farm |
| 25:20 | Build | Farm |
| 25:36 | Create | Villager (Male) |
| 25:53 | Create | Villager (Male) |
| 25:54 | Create | Villager (Male) |
| 25:55 | Create | Villager (Male) |
| 26:03 | Create | Villager (Male) |
| 26:03 | Research | Hand Cart |
| 26:46 | Create | Villager (Male) |
| 27:08 | Create | Villager (Male) |
| 27:12 | Create | Villager (Male) |
| 27:17 | Build | Farm |
| 27:18 | Build | Farm |
| 27:48 | Research | Imperial Age |
| 28:45 | Create | Villager (Male) |
| 28:46 | Create | Villager (Male) |
| 29:13 | Build | Stable |
| 29:14 | Build | Stable |
| 29:14 | Build | Stable |
| 29:14 | Build | Stable |
| 29:15 | Build | Stable |
| 29:15 | Build | Stable |
Match timeline
| 9:00 | DungaChapado · first_building Barracks |
| 9:32 | hohoho · first_building Barracks |
| 9:48 | TTVJohnWickCiv5 · age_up feudal |
| 9:50 | Chéio · age_up feudal |
| 10:25 | 740784354 · age_up feudal |
| 10:56 | Longshanks · age_up feudal |
| 10:58 | hohoho · age_up feudal |
| 11:01 | Fiaboi_ · age_up feudal |
| 11:05 | hohoho · first_building Stable |
| 11:30 | DungaChapado · age_up feudal |
| 11:57 | Fiaboi_ · first_market_sell 100 stone |
| 11:59 | Fiaboi_ · first_market_buy 100 food |
| 12:26 | TooCoolPeru · age_up feudal |
| 12:56 | hohoho · first_market_buy 100 food |
| 12:57 | hohoho · first_market_sell 100 stone |
| 14:13 | Chéio · first_building Siege Workshop |
| 14:42 | Fiaboi_ · age_up castle |
| 14:43 | Longshanks · age_up castle |
| 14:56 | Longshanks · first_building Castle |
| 15:09 | 740784354 · age_up castle |
| 15:25 | TooCoolPeru · first_building Barracks |
| 15:40 | hohoho · age_up castle |
| 15:58 | hohoho · first_building Siege Workshop |
| 16:23 | TooCoolPeru · wall_segment Stone Wall x12 |
| 16:26 | 740784354 · first_building Barracks |
| 16:48 | TooCoolPeru · age_up castle |
| 16:48 | TTVJohnWickCiv5 · first_building Barracks |
| 16:53 | TooCoolPeru · first_building Siege Workshop |
| 17:31 | TTVJohnWickCiv5 · age_up castle |
| 17:57 | 740784354 · first_building Stable |
| 18:56 | hohoho · wall_segment Stone Wall x1 |
| 19:04 | Longshanks · first_market_buy 100 food |
| 19:46 | Chéio · first_building Barracks |
| 19:52 | TTVJohnWickCiv5 · first_building Stable |
| 19:55 | TTVJohnWickCiv5 · first_building Archery Range |
| 19:56 | TooCoolPeru · first_market_buy 100 stone |
| 21:33 | TTVJohnWickCiv5 · first_building Castle |
| 21:56 | Fiaboi_ · first_building Monastery |
| 22:31 | Longshanks · first_building Monastery |
| 22:53 | Longshanks · first_building Barracks |
| 24:48 | 740784354 · first_building Castle |
| 26:43 | Fiaboi_ · age_up imperial |
| 27:07 | Fiaboi_ · first_building Castle |
| 27:29 | Fiaboi_ · first_building Barracks |
| 29:21 | DungaChapado · age_up castle |
| 29:39 | Longshanks · first_market_sell 500 food |
| 30:19 | TooCoolPeru · first_building Stable |
| 30:58 | 740784354 · age_up imperial |
| 31:43 | TooCoolPeru · first_building Monastery |
| 32:03 | TTVJohnWickCiv5 · first_building Monastery |
| 32:07 | DungaChapado · first_market_buy 100 wood |
| 32:15 | Longshanks · age_up imperial |
| 32:58 | Fiaboi_ · first_building Stable |
| 33:22 | TTVJohnWickCiv5 · first_market_sell 100 wood |
| 33:51 | TooCoolPeru · age_up imperial |
| 33:51 | TTVJohnWickCiv5 · first_building Siege Workshop |
| 34:01 | Chéio · age_up castle |
| 34:02 | Fiaboi_ · tribute_sent a jugador 1 |
| 34:02 | Fiaboi_ · tribute_sent a jugador 2 |
| 34:02 | Fiaboi_ · tribute_sent a jugador 4 |
| 34:02 | Fiaboi_ · tribute_sent a jugador 5 |
| 34:02 | Fiaboi_ · tribute_sent a jugador 6 |
| 34:02 | Fiaboi_ · tribute_sent a jugador 7 |
| 34:02 | Fiaboi_ · tribute_sent a jugador 8 |
| 34:35 | TTVJohnWickCiv5 · age_up imperial |
| 34:46 | hohoho · first_building Monastery |
| 35:00 | TooCoolPeru · first_building Castle |
| 35:18 | 740784354 · first_building Archery Range |
| 35:59 | DungaChapado · first_building Castle |
| 37:11 | Chéio · wall_segment Palisade Wall x1 |
| 37:12 | Chéio · wall_segment Palisade Wall x1 |
| 38:24 | Chéio · tribute_sent a jugador 1 |
| 38:24 | Chéio · tribute_sent a jugador 2 |
| 38:24 | Chéio · tribute_sent a jugador 3 |
| 38:24 | Chéio · tribute_sent a jugador 4 |
| 38:24 | Chéio · tribute_sent a jugador 5 |
| 38:24 | Chéio · tribute_sent a jugador 6 |
| 38:24 | Chéio · tribute_sent a jugador 8 |
| 38:26 | Fiaboi_ · tribute_sent a jugador 1 |
| 38:26 | Fiaboi_ · tribute_sent a jugador 2 |
| 38:26 | Fiaboi_ · tribute_sent a jugador 4 |
| 38:26 | Fiaboi_ · tribute_sent a jugador 5 |
| 38:26 | Fiaboi_ · tribute_sent a jugador 6 |
| 38:26 | Fiaboi_ · tribute_sent a jugador 7 |
| 38:26 | Fiaboi_ · tribute_sent a jugador 8 |
| 40:18 | hohoho · first_building Castle |
| 40:28 | Chéio · first_building Archery Range |
| 41:17 | TooCoolPeru · first_market_sell 100 wood |
| 41:33 | Fiaboi_ · wall_segment Stone Wall x7 |
| 41:37 | Fiaboi_ · wall_segment Stone Wall x6 |
| 42:49 | Chéio · first_market_buy 100 stone |
| 42:54 | Chéio · first_market_sell 500 food |
| 43:47 | Chéio · first_building Monastery |
| 44:57 | DungaChapado · first_building Siege Workshop |
| 46:13 | Fiaboi_ · wall_segment Stone Wall x21 |
| 46:53 | hohoho · age_up imperial |
| 49:43 | 740784354 · first_building Siege Workshop |
| 52:51 | 740784354 · tribute_sent a jugador 1 |
| 52:51 | 740784354 · tribute_sent a jugador 2 |
| 52:51 | 740784354 · tribute_sent a jugador 3 |
| 52:51 | 740784354 · tribute_sent a jugador 4 |
| 52:51 | 740784354 · tribute_sent a jugador 5 |
| 52:51 | 740784354 · tribute_sent a jugador 6 |
| 52:51 | 740784354 · tribute_sent a jugador 7 |
| 52:57 | TooCoolPeru · first_building Archery Range |
| 53:07 | Fiaboi_ · wall_segment Stone Wall x2 |
| 53:15 | DungaChapado · age_up imperial |
| 53:36 | DungaChapado · first_market_sell 500 wood |
| 54:14 | Chéio · age_up imperial |
| 54:20 | Fiaboi_ · wall_segment Stone Wall x25 |
| 55:27 | Fiaboi_ · wall_segment Stone Wall x11 |
| 55:30 | Fiaboi_ · wall_segment Stone Wall x26 |
| 59:37 | hohoho · tribute_sent a jugador 1 |
| 59:37 | hohoho · tribute_sent a jugador 2 |
| 59:37 | hohoho · tribute_sent a jugador 3 |
| 59:37 | hohoho · tribute_sent a jugador 4 |
| 59:37 | hohoho · tribute_sent a jugador 5 |
| 59:37 | hohoho · tribute_sent a jugador 7 |
| 59:37 | hohoho · tribute_sent a jugador 8 |
| 60:18 | Chéio · tribute_sent a jugador 1 |
| 60:18 | Chéio · tribute_sent a jugador 2 |
| 60:18 | Chéio · tribute_sent a jugador 3 |
| 60:18 | Chéio · tribute_sent a jugador 4 |
| 60:18 | Chéio · tribute_sent a jugador 5 |
| 60:18 | Chéio · tribute_sent a jugador 6 |
| 60:18 | Chéio · tribute_sent a jugador 8 |
| 61:46 | hohoho · resign |
| 63:01 | Longshanks · wall_segment Palisade Wall x1 |
[ AI ANALYSIS · 1 CREDIT ]
What really happened in this match?
Wolo.gg analyzes every decision: build order, eco, micro, common mistakes by bracket. Personalized analysis on WhatsApp or Discord in 30 seconds.
Civ guide
Britons
Map guide
Arena
Perfil
Jugador #910521